 Dungeon Crawl Stone Soup version 0.28.0 (webtiles) character file.

Game seed: 14146385032263233086

107846 sasquatch the Summoner (level 17, -9/91 HPs)
             Began as a Kobold Brigand on Feb 12, 2022.
             Was an Elder of Wu Jian.
             Mangled by a radroach (36 damage)
             ... on level 3 of the Spider Nest.
             The game lasted 02:08:57 (35902 turns).

sasquatch the Summoner (Kobold Brigand)            Turns: 35902, Time: 02:08:57

Health: -9/91      AC:  3    Str:  9    XL:     17   Next: 3%
Magic:  12/26      EV: 21    Int: 14    God:    Wu Jian [****..]
Gold:   827        SH:  0    Dex: 24    Spells: 6/28 levels left

rFire   . . .      SeeInvis +   a - +4 dagger (venom)
rCold   + . .      Faith    .   (no shield)
rNeg    . . .      Spirit   .   N - +2 robe {Will+}
rPois   .          Reflect  .   x - +2 hat
rElec   .          Harm     .   c - +0 cloak
rCorr   .          Rampage  .   n - +1 pair of gloves
Will    ++...                   I - +1 pair of boots
Stlth   +++++++...              s - amulet of the acrobat
HPRegen 0.25/turn               p - ring of protection from cold
MPRegen 0.20/turn               C - ring of see invisible

@: exhausted, corroded, studying Fighting
A: small, no large weapons, nightstalker 3, talons 1, thin skeletal structure 1,
frail 1, noise suppression
a: Renounce Religion, Wall Jump, Serpent's Lash


You were on level 3 of the Spider Nest.
You worshipped Wu Jian.
Wu Jian was greatly pleased with you.
You visited 6 branches of the dungeon, and saw 26 of its levels.
You also visited: Ice Cave.

You collected 2272 gold pieces.
You spent 1445 gold pieces at shops.

Inventory:

Hand Weapons
 a - a +4 dagger of venom (weapon)
 b - the +7 hunting sling of Dumaekopp {vorpal, rF+ Dex-5 Stlth+}
   (You found it on level 4 of the Lair of Beasts)

   Any ammunition fired from it inflicts extra damage upon your enemies.
   Dex:       It affects your dexterity (-5).
   rF:        It protects you from fire.
   Stlth:     It makes you more stealthy.
 M - a +2 scimitar of flaming
 O - a +0 dagger of holy wrath
Missiles
 d - 33 poisoned darts (quivered)
 e - 4 curare-tipped darts
 A - 80 sling bullets
 U - 3 atropa-tipped darts
 V - a throwing net
Armour
 c - a +0 cloak (worn)
 n - a +1 pair of gloves (worn)
 x - a +2 hat (worn)
 I - a +1 pair of boots (worn)
 N - a +2 robe of willpower (worn)
Jewellery
 k - a ring of positive energy
 o - a ring of wizardry
 p - a ring of protection from cold (left hand)
 s - an amulet of the acrobat (around neck)
 w - a ring of resist corrosion
 z - a ring of flight
 C - a ring of see invisible (right hand)
 P - a +4 ring of evasion
 X - a +4 ring of protection
Wands
 f - a wand of charming (7)
 r - a wand of digging (8)
 y - a wand of iceblast (46)
 G - a wand of polymorph (8)
 T - a wand of flame (33)
 W - a wand of acid (4)
 Z - a wand of paralysis (2)
Scrolls
 g - 4 scrolls of fog
 m - 3 scrolls of enchant armour
 u - 2 scrolls of fear
 v - 4 scrolls of magic mapping
 B - a scroll of blinking
 E - 3 scrolls of silence
 F - 2 scrolls of brand weapon
 H - 5 scrolls of summoning
 L - 7 scrolls of identify
 S - a scroll of teleportation
 Y - 3 scrolls of amnesia
Potions
 h - a potion of curing
 i - a potion of haste
 j - 2 potions of cancellation
 l - 2 potions of attraction
 q - 2 potions of invisibility
 t - a potion of flight
 D - 4 potions of lignification
 J - a potion of brilliance
 K - 2 potions of heal wounds
 Q - 2 potions of might {unknown}
 R - a potion of mutation


   Skills:
 - Level 10.0 Fighting
 - Level 10.0(14.0) Short Blades
 + Level 10.3(11.1) Long Blades
 - Level 9.8(10.0) Slings
 - Level 2.1(7.1) Throwing
 - Level 8.0 Dodging
 - Level 10.0 Stealth
 - Level 6.0 Spellcasting
 - Level 6.0 Conjurations
 - Level 14.0 Summonings
 - Level 8.0 Transmutations
 - Level 4.0 Ice Magic
 - Level 6.0 Air Magic
 - Level 6.0 Poison Magic


You had 6 spell levels left.
You knew the following spells:

 Your Spells              Type           Power      Damage    Failure   Level
a - Mephitic Cloud        Conj/Pois/Air  21%        N/A       4%          3
b - Summon Hydra          Summ           21%        N/A       38%         7
c - Call Imp              Summ           43%        N/A       1%          2
d - Ice Form              Ice/Tmut       21%        N/A       13%         4
e - Summon Ice Beast      Ice/Summ       29%        N/A       3%          4
f - Wereblood             Tmut           26%        N/A       1%          2

Your spell library contained the following spells:

 Spells                   Type           Power      Damage    Failure   Level
 Magic Dart               Conj           84%        1d7       1%          1
 Frozen Ramparts          Ice            30%        1d5       9%          3
 Sublimation of Blood     Necr           4%         N/A       24%         2
 Fulminant Prism          Conj/Hex       6%         3d7       41%         4
 Iskenderun's Mystic Bla  Conj/Tloc      12%        2d5       41%         4
 Inner Flame              Hex/Fire       4%         N/A       43%         3
 Fireball                 Conj/Fire      6%         3d5       77%         5
 Animate Dead             Necr           2%         N/A       83%         4
 Borgnjor's Vile Clutch   Necr/Erth      2%         N/A       99%         5
 Lee's Rapid Deconstruct  Erth           2%         3d5*      99%         5
 Death Channel            Necr           2%         N/A       100%        6
 Death's Door             Necr           2%         N/A       100%        9


Dungeon Overview and Level Annotations

Branches:
Dungeon (12/15)            Temple (1/1) D:6            Lair (6/6) D:10
  Swamp (1/4) Lair:2       Spider (4/4) Lair:4        Slime (0/5) Lair:5
    Orc (2/2) D:9             Elf (0/3) Orc:2         IceCv (visited)

Altars:
Ashenzari
Cheibriados
Dithmenos
Elyvilon
Fedhas
Gozag
Hepliaklqana
Kikubaaqudgha
Makhleb
Nemelex Xobeh
Okawaru
Qazlal
Ru
Sif Muna
Trog
Uskayaw
Vehumet
Wu Jian
Xom
Yredelemnul
Zin
The Shining One
Beogh
Jiyva

Shops:
D:8 [   Orc:2 :(*[[

Annotations:
D:10 exclusion: hell hound
D:11 3 transporters, Selrock's ghost, journeyman TrMo
Lair:1 exclusion: swamp worm
Lair:6 exclusion: obsidian statue
Spider:2 exclusions: demonic crawler and redback


Innate Abilities, Weirdness & Mutations

You are small and have problems with some larger weapons.
You are completely attuned to the shadows.
You have sharp toenails.
You have a somewhat thin skeletal structure. (Dex +2, Stealth+)
You are frail. (-10% HP)
You passively dampen the noise of your surroundings.


Message History

The radroach is heavily wounded.
You hit the radroach but do no damage.
The radroach looks as sick as possible!
The radroach is heavily wounded.
You spin and attack the culicivora repeatedly.
You catch the helpless culicivora completely off-guard!
You impale the culicivora!!
You kill the culicivora!
The Council accepts your kill.
You spin and attack the entropy weaver repeatedly.
You hit the entropy weaver but do no damage.
The entropy weaver looks as sick as possible!
You punch the entropy weaver, but do no damage.
The entropy weaver is lightly wounded.
You hit the entropy weaver but do no damage.
The entropy weaver looks as sick as possible!
The entropy weaver is lightly wounded.
You feel extremely sick.
The entropy weaver completely misses you.
The entropy weaver barely misses you.
The entropy weaver hits you but does no damage.
The entropy weaver misses you. The redback bites your ice beast.
The jumping spider leaps!
The wolf spider hits your ice beast!
The wolf spider bites your ice beast but does no damage.
The entropy weaver casts a spell at you.
The entropic weave corrodes you! The redback misses you.
Your white imp hits the wolf spider.
Your white imp freezes the wolf spider.
Your ice beast hits the wolf spider.
Your ice beast freezes the wolf spider!
Unknown command.
You feel better.
The radroach seems less confused.
The redback barely misses your ice beast.
The wolf spider barely misses your ice beast.
The wolf spider completely misses your ice beast.
The redback misses you.
A demonic crawler comes into view.
The entropy weaver hits you. The entropy weaver hits you!
* * * LOW HITPOINT WARNING * * *
The entropy weaver closely misses you. The entropy weaver misses you.
The radroach erupts in a fountain of uncontrolled magic!
You are blasted with magical radiation!!!
You die...

#..^....
...^...###......[.
........##.........
...........#.#.......
.....†....#..........
...○..B..#..##......##
....s@....#####....###
....B....## #..####^
...†.s...# ###..#..
.ss5sY...# #.#...
......##.# #^##...
####### ## ## ####


You could see a radroach (extremely poisoned), an entropy weaver (extremely
poisoned), a demonic crawler, a wolf spider (confused, ally target), a jumping
spider, 2 redbacks, a friendly ice beast (summoned) and a friendly white imp
(summoned).

Vanquished Creatures
  3 orc warlords
  2 ghouls (Swamp:1)
  A ghost moth (Spider:2)
  An entropy weaver (Spider:3)
  The ghost of FuzzyBison the Protected, a journeyman DDBe of Trog (D:12)
  4 dire elephants (Lair:6)
  Snorg (Lair:4)
  Josephine (Lair:4)
  2 boulder beetles
  A centaur warrior (D:12)
  7 hydras
  4 ogre magi (Orc:2)
  13 two-headed ogres
  Erica (D:11)
  A death yak (Lair:6)
  A tengu warrior (D:9)
  Urug (D:11)
  A spectral dire elephant (Lair:6)
  3 orc high priests
  A spriggan (Swamp:1)
  A sun moth (Spider:3)
  A pharaoh ant (Spider:1)
  A spriggan druid (Swamp:1)
  An orange crystal statue (D:9)
  4 orc sorcerers
  An oklob plant (D:10)
  3 ugly things
  3 necromancers (Lair:6)
  2 wolf spiders (Spider:3)
  3 orc knights
  A moth of wrath (Spider:2)
  2 cyclopes
  3 black mambas
  15 elephants
  11 cane toads
  A gargoyle (D:12)
  2 torpor snails
  An unseen horror (D:12)
  2 kobold demonologists (D:12)
  10 rime drakes
  13 komodo dragons
  6 trolls
  7 polar bears
  2 hornets
  6 tarantellas
  Grinder (D:5)
  A tyrant leech (Lair:2)
  2 dream sheep (Lair:6)
  26 blink frogs
  4 spectral elephants (Lair:6)
  A nameless horror (Orc:1)
  5 culicivoras
  2 jumping spiders
  A slime creature (D:9)
  Sigmund (D:6)
  26 yaks
  A dire elephant simulacrum (Lair:6)
  5 wyverns
  4 wraiths
  10 redbacks
  Eustachio (D:6)
  3 basilisks
  4 wargs
  4 vampire mosquitoes (D:12)
  3 swamp worms
  A spectral cane toad (Lair:6)
  2 acid dragons
  15 water moccasins
  Duvessa (D:6)
  A sky beast (D:6)
  2 black bears
  34 orc warriors
  An elephant zombie (Lair:6)
  A necrophage (D:6)
  8 centaurs
  19 ogres
  13 wolves
  A phantom (D:7)
  5 kobold brigands
  14 bullfrogs
  A gnoll sergeant (D:12)
  4 cane toad simulacra (Lair:6)
  A wyvern zombie (D:6)
  Dowan (D:6)
  12 killer bees (D:10)
  6 wights
  2 electric eels (Lair:6)
  5 howler monkeys
  2 bullfrog zombies
  7 centaur zombies
  14 orc priests
  5 hounds
  A centaur skeleton (D:6)
  A gnoll shaman (D:6)
  A bullfrog skeleton (D:5)
  An iguana (D:5)
  21 orc wizards
  A killer bee zombie (D:6)
  A howler monkey zombie (D:11)
  6 adders
  4 gnolls
  12 white imps
  An adder skeleton (D:4)
  3 worms
  2 dart slugs
  39 orcs
  8 ball pythons
  5 bats
  6 endoplasms
  2 giant cockroaches
  7 goblins
  4 hobgoblins (D:1)
  2 jackals (D:4)
  8 quokkas
  3 frilled lizards (D:1)
  15 kobolds
  8 rats
597 creatures vanquished.

Vanquished Creatures (collateral kills)
  A hydra (Lair:6)
  A spectral anaconda (Lair:6)
  A bog body (Swamp:1)
  A necromancer (Lair:6)
  A wolf spider (Spider:2)
  2 elephants (Lair:6)
  2 dire elephant skeletons (Lair:6)
  A komodo dragon (Lair:4)
  2 trolls
  A spectral elephant (Lair:6)
  A tarantella (Spider:3)
  A basilisk (Lair:6)
  2 wraiths
  A redback (Spider:2)
  3 wargs (Orc:2)
  3 water moccasins
  3 orc warriors
  4 ogres
  A wolf (IceCv)
  2 electric eels (Lair:6)
  5 orc priests
  A gnoll (D:12)
  A white imp (Lair:2)
  14 orcs
55 creatures vanquished.

Vanquished Creatures (others)
  An orc (D:5)
  A kobold (D:12)
  29 fungi
  45 plants
  11 withered plants (Lair:6)
87 creatures vanquished.

Grand Total: 739 creatures vanquished

Notes
Turn   | Place    | Note
-------+----------+-------------------------------------------
     0 | D:1      | sasquatch the Kobold Brigand began the quest for the Orb.
     0 | D:1      | Reached XP level 1. HP: 12/12 MP: 1/1
   386 | D:1      | Reached XP level 2. HP: 17/17 MP: 2/2
   614 | D:1      | Reached XP level 3. HP: 21/21 MP: 3/3
   830 | D:1      | Found a faded altar of an unknown god.
  1058 | D:2      | Reached XP level 4. HP: 26/26 MP: 4/4
  1339 | D:2      | Reached skill level 5 in Short Blades
  2414 | D:3      | Reached XP level 5. HP: 30/30 MP: 5/5
  2790 | D:4      | Noticed a black bear
  2794 | D:4      | Killed a black bear
  2795 | D:4      | Reached XP level 6. HP: 35/35 MP: 6/6
  3383 | D:4      | Found a sparkling altar of Nemelex Xobeh.
  3825 | D:5      | Entered Level 5 of the Dungeon
  3919 | D:5      | Reached XP level 7. HP: 40/40 MP: 7/7
  4287 | D:5      | Reached skill level 5 in Dodging
  4295 | D:5      | Noticed Grinder
  4306 | D:5      | Paralysed by Grinder for 4 turns
  4318 | D:5      | Gained mutation: You are frail. (-10% HP) [potion of
                  | mutation]
  4318 | D:5      | Gained mutation: You have a somewhat thin skeletal
                  | structure. (Dex +2, Stealth+) [potion of mutation]
  4318 | D:5      | Gained mutation: You passively dampen the noise of your
                  | surroundings. [potion of mutation]
  4318 | D:5      | Gained mutation: You have sharp toenails. [potion of
                  | mutation]
  4327 | D:5      | Killed Grinder
  4637 | D:5      | Reached XP level 8. HP: 39/39 MP: 8/8
  5008 | D:6      | Reached skill level 10 in Short Blades
  5095 | D:6      | Noticed Sigmund
  5099 | D:6      | Killed Sigmund
  5150 | D:6      | Noticed Duvessa
  5153 | D:6      | Noticed Dowan
  5154 | D:6      | Killed Duvessa
  5171 | D:6      | Killed Dowan
  5470 | D:6      | Reached XP level 9. HP: 40/43 MP: 9/9
  5601 | D:6      | Noticed Eustachio
  5604 | D:6      | Killed Eustachio
  5605 | D:6      | Reached skill level 10 in Stealth
  5973 | D:6      | Found a staircase to the Ecumenical Temple.
  5978 | Temple   | Entered the Ecumenical Temple
  6449 | Temple   | Became a worshipper of the Wu Jian Council
  6865 | D:7      | Noticed a two-headed ogre
  6869 | D:7      | Killed a two-headed ogre
  7946 | D:7      | Reached XP level 10. HP: 55/58 MP: 10/10
  8777 | D:8      | Found Xaecoyco's Armour Emporium.
  9073 | D:8      | Reached skill level 10 in Fighting
  9684 | D:9      | Reached skill level 1 in Slings
  9698 | D:9      | Found a staircase to the Orcish Mines.
  9934 | D:9      | Noticed a cyan ugly thing
  9935 | D:9      | Noticed a tengu warrior
  9936 | D:9      | Killed a cyan ugly thing
  9937 | D:9      | Killed a tengu warrior
  9961 | D:9      | Noticed a four-headed hydra
  9962 | D:9      | Noticed a cyclops
  9965 | D:9      | Killed a four-headed hydra
  9966 | D:9      | Reached XP level 11. HP: 64/64 MP: 11/11
  9967 | D:9      | Killed a cyclops
 10124 | D:9      | Noticed a four-headed hydra
 10124 | D:9      | Noticed a skeletal warrior
 10127 | D:9      | Killed a four-headed hydra
 10128 | D:9      | Reached skill level 1 in Spellcasting
 10136 | D:9      | Learned a level 3 spell: Mephitic Cloud
 10230 | D:9      | Noticed an orange crystal statue
 10417 | D:10     | Entered Level 10 of the Dungeon
 10422 | D:10     | Noticed an oklob plant
 10483 | D:10     | Reached skill level 1 in Conjurations
 10483 | D:10     | Reached skill level 1 in Air Magic
 10483 | D:10     | Reached skill level 1 in Poison Magic
 10583 | D:10     | Found a staircase to the Lair.
 10718 | D:10     | Reached * piety under Wu Jian
 12053 | D:10     | Killed an oklob plant
 12181 | Lair:1   | Entered Level 1 of the Lair of Beasts
 12740 | D:9      | Noticed a seven-headed hydra
 12741 | D:9      | Noticed a boulder beetle
 12742 | D:9      | Killed a seven-headed hydra
 12743 | D:9      | Killed a boulder beetle
 12744 | D:9      | Reached XP level 12. HP: 69/69 MP: 16/18
 13116 | D:11     | Noticed Erica
 13141 | D:11     | Killed Erica
 13271 | D:11     | Noticed a two-headed ogre
 13274 | D:11     | Found a transporter.
 13280 | D:11     | Reached skill level 5 in Conjurations
 13280 | D:11     | Reached skill level 5 in Air Magic
 13280 | D:11     | Reached XP level 13. HP: 73/73 MP: 19/19
 13282 | D:11     | Found a transporter.
 13283 | D:11     | Found a transporter.
 13294 | D:11     | Found a transporter.
 13360 | D:11     | Noticed Urug
 13362 | D:11     | Killed Urug
 13388 | D:11     | Noticed Selrock's ghost (journeyman TrMo)
 13593 | D:11     | Learned a level 7 spell: Summon Hydra
 13604 | D:11     | Found a transporter.
 13605 | D:11     | Found a transporter.
 13611 | D:11     | Found a transporter.
 13615 | D:11     | Found a transporter.
 13831 | Lair:1   | Learned a level 2 spell: Call Imp
 14222 | Lair:1   | Reached skill level 1 in Summonings
 14527 | Lair:2   | Reached skill level 2 in Summonings
 14533 | Lair:2   | Reached skill level 5 in Spellcasting
 15091 | Lair:2   | Reached skill level 3 in Summonings
 15106 | Lair:2   | Reached ** piety under Wu Jian
 15499 | Lair:2   | Reached skill level 4 in Summonings
 15642 | Lair:2   | Noticed a six-headed hydra
 15833 | Lair:2   | Reached skill level 5 in Summonings
 16151 | Lair:2   | Killed a six-headed hydra
 16152 | Lair:2   | Reached skill level 6 in Summonings
 16274 | Lair:2   | Found a staircase to the Swamp.
 16891 | Lair:3   | Reached skill level 7 in Summonings
 16899 | Lair:3   | Found a frozen archway.
 16937 | Lair:3   | Reached *** piety under Wu Jian
 17211 | IceCv    | Entered an ice cave
 17234 | IceCv    | Reached skill level 8 in Summonings
 17564 | IceCv    | Reached XP level 14. HP: 76/79 MP: 18/23
 17925 | IceCv    | Reached skill level 9 in Summonings
 18465 | Lair:3   | Reached **** piety under Wu Jian
 18466 | Lair:3   | Reached skill level 10 in Summonings
 18975 | Lair:4   | Noticed Josephine
 19009 | Lair:4   | Killed Josephine
 19576 | Lair:4   | Found a hole to the Spider Nest.
 20098 | Lair:4   | Reached skill level 11 in Summonings
 21125 | Lair:4   | Noticed Snorg
 21128 | Lair:4   | Killed Snorg
 21129 | Lair:4   | Reached skill level 12 in Summonings
 21449 | Lair:4   | Learned a level 4 spell: Ice Form
 21725 | Lair:5   | Reached skill level 1 in Transmutations
 21725 | Lair:5   | Reached skill level 1 in Ice Magic
 21914 | Lair:5   | Found a viscous altar of Jiyva.
 21914 | Lair:5   | Found a staircase to the Slime Pits.
 22696 | Lair:6   | Entered Level 6 of the Lair of Beasts
 22945 | Lair:6   | Learned a level 4 spell: Summon Ice Beast
 23087 | Lair:6   | Reached XP level 15. HP: 76/82 MP: 17/24
 23152 | Lair:6   | Reached ***** piety under Wu Jian
 23869 | Lair:6   | Reached skill level 13 in Summonings
 25043 | Orc:1    | Entered Level 1 of the Orcish Mines
 25443 | Orc:1    | Noticed an orc warlord
 25466 | Orc:1    | Killed an orc warlord
 25844 | Orc:1    | Reached skill level 14 in Summonings
 25925 | Orc:1    | Reached skill level 1 in Long Blades
 26168 | Orc:2    | Entered Level 2 of the Orcish Mines
 27167 | Orc:2    | Reached skill level 5 in Long Blades
 27633 | Orc:2    | Found Itzafaafeo's Assorted Antiques.
 27633 | Orc:2    | Found Faoret's Antique Armour Shoppe.
 27634 | Orc:2    | Found Eppouq's Antique Weapon Emporium.
 27634 | Orc:2    | Found Royw's Antique Armour Shop.
 27726 | Orc:2    | Learned a level 2 spell: Wereblood
 27786 | Orc:2    | Reached ****** piety under Wu Jian
 28086 | Orc:2    | Reached XP level 16. HP: 68/87 MP: 16/25
 28181 | Orc:2    | Found a staircase to the Elven Halls.
 28460 | Orc:2    | Reached skill level 5 in Transmutations
 28791 | Orc:2    | Found Otoul's Self-Improvement Boutique.
 28936 | Orc:2    | Bought a manual of Fighting for 1280 gold pieces
 29690 | Lair:4   | Identified the +7 hunting sling of Dumaekopp {vorpal, rF+
                  | Dex-5 Stlth+}
 29828 | Orc:2    | Bought a granite ring for 165 gold pieces
 30852 | D:12     | Found a glowing golden altar of the Shining One.
 31291 | D:12     | Found a runed translucent door.
 31803 | D:12     | Noticed FuzzyBison's ghost (journeyman DDBe)
 31807 | D:12     | Killed FuzzyBison's ghost
 33346 | Lair:6   | Got Hussykk's Disquisition on Evil Flames
 33937 | Swamp:1  | Entered Level 1 of the Swamp
 34415 | Spider:1 | Entered Level 1 of the Spider Nest
 35633 | Spider:2 | Reached skill level 10 in Long Blades
 35654 | Spider:4 | Entered Level 4 of the Spider Nest
 35894 | Spider:3 | Reached XP level 17. HP: 91/91 MP: 26/26
 35902 | Spider:3 | Mangled by a radroach

Illustrated notes

Levels and vault maps discovered:
D:1:      dpeg_arrival_more_subterranean_lakeside_camping, layout_rooms,
          shapermc_ecumenical_altar_mp_urbaneastern
D:2:      layout_loops_ring
D:3:      layout_loops_cross, kennysheep_generic_room_16
D:4:      nicolae_cairo_tiling_large_dashed, layout_cave_pods,
          mainiacjoe_overflow_tiny_flanked
D:5:      layout_loops_ring, uniq_grinder
D:6:      layout_loops_corners, temple_doors_e, kennysheep_small_square,
          uniq_sigmund, uniq_duvessa, uniq_eustachio
D:7:      layout_gridville, serial_rivers, chequers_serial_rivers_micro_a,
          chequers_serial_rivers_micro_b, chequers_serial_rivers_micro_d,
          chequers_serial_rivers_room_a, chequers_serial_rivers_room_b,
          kennysheep_crisscross, grunt_decor_clamped, corexii_checkpoint_b,
          minmay_misc_feat_hallway, minmay_stone_trees_small,
          kennysheep_generic_room_14
D:8:      nicolae_cairo_tiling_very_big, layout_basic, serial_shops,
          nicolae_square_shop
D:9:      minmay_tri_box, layout_stronghold, hangedman_abyss_or_decor_stabs,
          grunt_ministairs_9, minmay_statue_bubble
D:10:     layout_roguey, dpeg_oklobed_lair, minmay_rotating_lava
D:11:     layout_rooms, gammafunk_ghost_wrathful_warriors,
          serial_nicolae_subway, nicolae_sub_station_stone,
          nicolae_sub_station_crystal, nicolae_sub_station_metal, uniq_urug,
          uniq_erica
D:12:     layout_loops_ring, ebering_ghost_reflecting_pool,
          nicolae_tso_carved_into_rock
Temple:   mainiacjoe_temple_trianglar_array
Lair:1:   layout_chaotic_city, st_stairs_11, worms_lemuel
Lair:2:   layout_regular_city, minmay_swamp_entry_worms, serial_bayou_shore_a,
          infiniplex_staircase_pool_2
Lair:3:   layout_big_grid, portal_ice_cave_entry_imps
Lair:4:   layout_hall_layers, dummy_spider_entry, gauntlet_entry_generic,
          uniq_snorg, uniq_josephine
Lair:5:   layout_regular_city, dpeg_slime_entry_enclosed_altar,
          chequers_serial_rivers_large_a, grunt_megastairs_4
Lair:6:   due_jungle_book, layout_hall_layers, disabler_island
Swamp:1:  layout_falls_marsh, evilmike_swamp_ruin_house_5, swamp_pool2
Spider:1: layout_cave_pods, nicolae_spider_some_kinda_spiderbox,
          hangedman_spider_tarantella_strand
Spider:2: layout_spider_delve, nicolae_spider_undead_wolf_pack
Spider:3: layout_chambers
Spider:4: grunt_spider_rune_circles, uniq_kirke, uniq_arachne
Orc:1:    orc_temple, layout_caves, minmay_orc_temple_a
Orc:2:    st_orc_ogre_mass, layout_caves, special_room, nicolae_shop_self_help

Skill      XL: |  1  2  3  4  5  6  7  8  9 10 11 12 13 14 15 16 |
---------------+-------------------------------------------------+-----
Short Blades   | 3 4 5 6 7 9 10 | 10.0
Dodging        | 2 3 4 5 6 8 |  8.0
Stealth        | 9 10 | 10.0
Fighting       | 8 10 | 10.0
Slings         | 6 7 9 |  9.8
Spellcasting   | 4 6 |  6.0
Conjurations   | 3 5 6 |  6.0
Air Magic      | 3 5 6 |  6.0
Poison Magic   | 3 6 |  6.0
Summonings     | 8 12 14 | 14.0
Transmutations | 4 8 |  8.0
Ice Magic      | 4 |  4.0
Long Blades    | 6 10 | 10.3
Throwing       | |  2.1

Action                   |  1- 3 |  4- 6 |  7- 9 | 10-12 | 13-15 | 16-18 || total
-------------------------+-------+-------+-------+-------+-------+-------++-------
Melee: Dagger            |    59 |   185 |   256 |   322 |  1500 |   440 ||  2762
       Kick              |       |       |    96 |   125 |   546 |       ||   767
       Punch             |       |       |     3 |     7 |    40 |     9 ||    59
       Unarmed           |       |       |       |       |    14 |       ||    14
       Scimitar          |       |       |       |       |       |    11 ||    11
 Fire: Hunting sling     |       |       |       |    28 |       |    18 ||    46
Throw: Dart              |     2 |     9 |     1 |       |       |       ||    12
       Throwing net      |       |       |     1 |       |       |       ||     1
 Cast: Call Imp          |       |       |       |       |    69 |    28 ||    97
       Mephitic Cloud    |       |       |       |       |    85 |    62 ||   147
       Summon Ice Beast  |       |       |       |       |    29 |    29 ||    58
       Ice Form          |       |       |       |       |     3 |       ||     3
       Summon Hydra      |       |       |       |       |     2 |     6 ||     8
Invok: Lunge             |       |       |     3 |    29 |    89 |    48 ||   169
       Whirlwind         |       |       |       |     4 |   104 |    43 ||   151
       Serpent's Lash    |       |       |       |       |     2 |    14 ||    16
       Heavenly Storm    |       |       |       |       |       |     1 ||     1
 Abil: Wall Jump         |       |       |       |       |       |     2 ||     2
  Use: Potion            |       |       |     8 |     2 |     9 |     4 ||    23
       Scroll            |       |       |    13 |     5 |    10 |     3 ||    31
 Stab: Sleeping          |    15 |    22 |    16 |    31 |   102 |    37 ||   223
       Distracted        |       |     1 |     1 |     2 |    16 |    11 ||    31
       Confused          |       |       |       |       |    96 |    54 ||   150
Armor: Robe              |     5 |     4 |       |       |   103 |    50 ||   162
       Quicksilver drago |       |    38 |    52 |    81 |       |       ||   171
       Skin              |       |       |       |       |     3 |       ||     3
Dodge: Dodged            |    25 |    76 |   100 |   142 |  1007 |   372 ||  1722
